 Dungeon Crawl Stone Soup version 0.25-a0-458-g6fc7858 (webtiles) character file.

Game seed: 11980617753226951137, levelgen mode: deterministic

87 Charmandara the Stinger (level 4, -13/35 HPs)
             Began as a Ghoul Venom Mage on Feb 2, 2020.
             Mangled by an orc priest
             ... wielding a +0 whip of electrocution
              (17 damage)
             ... on level 3 of the Dungeon.
             The game lasted 00:08:41 (2235 turns).

Charmandara the Stinger (Ghoul Venom Mage)          Turns: 2235, Time: 00:08:42

Health: -13/35     AC:  4    Str: 11    XL:     4   Next: 51%
Magic:  6/6        EV: 12    Int: 11    God:
Gold:   98         SH:  0    Dex:  9    Spells: 1/7 levels left

rFire    . . .     SeeInvis +   f - +0 dagger
rCold    + . .     Gourm    .   (no shield)
rNeg     + + +     Faith    .   a - +0 robe
rPois    ∞         Spirit   .   i - +2 hat {SInv}
rElec    .         Reflect  .   (no cloak)
rCorr    .         Harm     .   (no gloves)
MR       .....                  (no boots)
Stlth    ++........             (no amulet)
HPRegen  0.00/turn              h - ring of stealth {Stlth+}
MPRegen  0.10/turn              (no ring)

@: confused, rotting
A: rotting body, claws 1, carnivore, cold resistance 1, negative energy
resistance 3, inhibited regeneration, torment resistance, unbreathing
a: no special abilities


You were on level 3 of the Dungeon.
You were not hungry.

You visited 1 branch of the dungeon, and saw 3 of its levels.

You collected 98 gold pieces.

Inventory:

Hand Weapons
 b - a +0 club
   (You took it off a hobgoblin on level 1 of the Dungeon)
 e - a cursed -3 club
   (You took it off a hobgoblin on level 1 of the Dungeon)
 f - a +0 dagger (weapon)
   (You took it off a kobold on level 1 of the Dungeon)
Armour
 a - a +0 robe (worn)
 i - a +2 hat of see invisible (worn)
   (You found it on level 1 of the Dungeon)
Jewellery
 h - a ring of stealth (left claw) {Stlth+}
   (You found it on level 1 of the Dungeon)
Scrolls
 d - 4 scrolls of identify
 k - a scroll of magic mapping {unknown}
 m - a scroll of enchant weapon {unknown}
 n - a scroll of immolation {unknown}
Potions
 g - a potion of curing
Comestibles
 c - 4 rations


   Skills:
 - Level 1.0 Fighting
 - Level 1.7 Dodging
 - Level 2.1 Stealth
 + Level 2.0 Spellcasting
 - Level 1.0 Conjurations
 - Level 2.2 Transmutations
 - Level 1.0 Air Magic
 - Level 3.4 Poison Magic


You had one spell level left.
You knew the following spells:

 Your Spells              Type           Power        Failure   Level  Hunger
a - Sting                 Tmut/Pois      #...         9%          1    ##.....
b - Poisonous Vapours     Pois/Air       #.....       17%         2    ###....
x - Mephitic Cloud        Conj/Pois/Air  #.......     38%         3    ####...

Your spell library contained the following spells:

 Spells                   Type           Power        Failure   Level  Hunger
 Ignite Poison            Fire/Tmut/Pois #.......     36%         3    ####...
 Olgreb's Toxic Radiance  Pois           #.......     56%         4    #####..


Dungeon Overview and Level Annotations

Branches:
Dungeon (3/15)

Altars:
Dithmenos


Innate Abilities, Weirdness & Mutations

Your body is rotting away.
You thrive on raw meat.
You are immune to poison.
You have sharp fingernails.
You are carnivorous and can eat meat at any time.
Your flesh is cold resistant. (rC+)
You are immune to negative energy. (rN+++)
You do not regenerate when monsters are visible.
You are immune to unholy pain and torment.
You can survive without breathing.


Message History

You see here a frilled lizard corpse.
A bat comes into view.
You see here a frilled lizard corpse.
You butcher the frilled lizard corpse.
j - a chunk of flesh {@w0} You see here a frilled lizard skeleton.
A bat comes into view.
The bat barely misses you.
You miss the bat. The bat barely misses you.
The bat hits you but does no damage. The bat closely misses you.
The bat closely misses you.
You see here a scroll labeled QOIPLI NYAZAAX.
m - a scroll labeled QOIPLI NYAZAAX The bat closely misses you.
The bat hits you but does no damage.
You hit the bat but do no damage. The bat barely misses you.
The bat closely misses you.
You hit the bat. The bat closely misses you. The bat closely misses you.
The bat barely misses you. The bat misses you.
You closely miss the bat. The bat hits you but does no damage.
The bat barely misses you.
You hit the bat. The bat barely misses you.
You see here a scroll labeled HOAVVAISAA.
n - a scroll labeled HOAVVAISAA The bat hits you but does no damage.
The bat barely misses you.
You hit the bat.
You kill the bat!
You see here a bat corpse.
You butcher the bat corpse.
j - 2 chunks of flesh {@w0} (gained 1)
You see here a bat skeleton.
Eating one of 2 chunks of flesh {@w0}.
You eat one of the 2 chunks of flesh {@w0}.
You feel more resilient.
This raw flesh tastes great!
You regained 4 hp, and now have 21/35 hp.
Eating a chunk of flesh {@w0}.
You eat the chunk of flesh {@w0}.
This raw flesh tastes great!
You regained 6 hp, and now have 27/35 hp.
Okay, then.
An orc priest comes into view. It is wielding a +0 club.
An orc and an orc priest come into view.
The orc priest is wielding a +0 whip of electrocution.
The orc shouts!
You hear a shout!
An orc comes into view. It is wielding a +0 club.
Okay, then.
The orc priest shouts!
You hit the orc.
The orc priest mumbles some strange prayers to Beogh against you.
Beogh smites you! The orc hits you with a +0 hand axe.
You take 17 damage, and have 11/35 hp.
MASSIVE DAMAGE!!
Aim: an orc, wielding a +0 hand axe (moderately wounded)
The sting hits the orc.
The orc is poisoned.
You now have 5/6 mp.
Unknown command.
You are confused.
You feel invigorated. The orc hits you but does no damage.
You regained 5 hp, and now have 16/35 hp.
MP restored: 6 Unknown command.
You're too confused to move!
You kill the orc!
The orc priest completely misses you.
You regained 5 hp, and now have 21/35 hp.
You bump into the rock wall.
The orc closely misses you.
The orc priest hits you but does no damage.
You regained 5 hp, and now have 26/35 hp.
Unknown command.
You hit the orc priest but do no damage.
The orc hits you with a +0 club.
The orc priest hits you with a +0 whip of electrocution.
The orc priest closely misses you.
You take 4 damage, and have 22/35 hp.
Unknown command.
Unknown command.
The orc priest hits you with a +0 whip of electrocution.
The orc priest barely misses you.
You take 2 damage, and have 20/35 hp.
Unknown command.
You're too confused to move!
The orc hits you with a +0 club. The orc priest barely misses you. x2
You regained 2 hp, and now have 22/35 hp.
You hit the orc. The orc priest completely misses you.
The orc hits you with a +0 club.
Unknown command.
The orc priest mumbles some strange prayers to Beogh against you.
Beogh smites you!
You take 10 damage, and have 12/35 hp.
MASSIVE DAMAGE!!
You hit the orc but do no damage.
The orc priest mumbles some strange prayers to Beogh against you.
Beogh smites you!
* * * LOW HITPOINT WARNING * * *
The orc priest hits you with a +0 whip of electrocution.
* * * LOW HITPOINT WARNING * * *
You are electrocuted!
You die...

##.........##.....#
#..................
###.........##.......
####.÷.......o.# .......
..##.#.........# #......
#..._..........##)......
##.#.##.......##........
###..#.........ooo......
................@#......
................###...#.
.######.......... ####
....#....####.#.#.
###...#.## #...###
####.(#. .#... ......#
..#.## .###.... .. #.
.###......


You could see 2 orc priests and an orc.

Vanquished Creatures
  Terence (D:2)
  A dart slug (D:1)
  2 leopard geckos
  An orc (D:3)
  A ball python (D:2)
  3 giant cockroaches
  3 goblins
  9 hobgoblins
  8 jackals
  7 kobolds
  8 bats
  2 frilled lizards
  7 rats
53 creatures vanquished.

Notes
Turn   | Place    | Note
-------+----------+-------------------------------------------
     0 | D:1      | Charmandara the Ghoul Venom Mage began the quest for the
                  | Orb.
     0 | D:1      | Reached XP level 1. HP: 14/14 MP: 2/2
    39 | D:1      | Reached skill level 1 in Transmutations
   358 | D:1      | Reached XP level 2. HP: 20/20 MP: 1/3
   386 | D:1      | Learned a level 2 spell: Poisonous Vapours
   484 | D:1      | Reached skill level 2 in Transmutations
   518 | D:1      | HP: 4/19 [kobold (2)]
   930 | D:1      | Reached XP level 3. HP: 26/26 MP: 2/4
   944 | D:1      | Reached skill level 1 in Air Magic
  1257 | D:1      | Reached skill level 2 in Spellcasting
  1267 | D:1      | Learned a level 3 spell: Mephitic Cloud
  1343 | D:2      | Noticed Terence
  1577 | D:2      | Reached skill level 1 in Conjurations
  1889 | D:2      | Reached XP level 4. HP: 34/34 MP: 3/6
  1948 | D:2      | Killed Terence
  1948 | D:2      | Reached skill level 1 in Fighting
  2153 | D:3      | Noticed a water moccasin
  2165 | D:3      | Found a shadowy altar of Dithmenos.
  2235 | D:3      | HP: 6/35 [orc priest/divine providence (11)]
  2235 | D:3      | Mangled by an orc priest

Levels and vault maps discovered:
D:1:      matt_arrival_los_fun, layout_basic
D:2:      layout_rooms, minmay_misc_feat_pillars, uniq_terence
D:3:      layout_rooms, lemuel_crystal_altar, uniq_crazy_yiuf_cottage

Skill      XL: |  1  2  3  4 |
---------------+-------------+-----
Transmutations | 1 2 |  2.2
Air Magic      | 1 |  1.0
Spellcasting   | 2 |  2.0
Conjurations   | 1 |  1.0
Fighting       | 1 |  1.0
Dodging        | |  1.7
Stealth        | |  2.1
Poison Magic   | |  3.4

Action                   |  1- 3 |  4- 6 || total
-------------------------+-------+-------++-------
Melee: Unarmed           |     9 |       ||     9
       Dagger            |   112 |    29 ||   141
 Cast: Sting             |    41 |    10 ||    51
  Use: Scroll            |     1 |     2 ||     3
       Potion            |     1 |     1 ||     2
 Stab: Sleeping          |     1 |     1 ||     2
  Eat: Chunk             |     9 |     2 ||    11
Armor: Robe              |    50 |    12 ||    62
Dodge: Dodged            |   102 |    31 ||   133

Table legend:
 A = Non-vault XP
 B = Vault XP
 C = Vault XP percentage of total XP
 D = Non-vault monster count
 E = Vault monster count
 F = Vault count percentage of total count
                 A         B        C        D         E       F
            +---------+---------+-------+---------+---------+-------
      Total |      89 |      36 |  28.8 |      52 |       1 |   1.9
            +---------+---------+-------+---------+---------+-------
        D:1 |      47 |       0 |   0.0 |      27 |       0 |   0.0
        D:2 |      36 |      36 |  50.0 |      22 |       1 |   4.3
        D:3 |       6 |       0 |   0.0 |       3 |       0 |   0.0
            +---------+---------+-------+---------+---------+-------

Levels and vault maps discovered:
D:1:      matt_arrival_los_fun, layout_basic
D:2:      layout_rooms, minmay_misc_feat_pillars, uniq_terence
D:3:      layout_rooms, lemuel_crystal_altar, uniq_crazy_yiuf_cottage

Table legend:
 A = Turns spent in this place as a percentage of turns spent in the entire game.
 B = Non-inter-level travel turns spent in this place as a percentage of non-inter-level travel turns spent in the entire game.
 C = Inter-level travel turns spent in this place as a percentage of turns spent in this place.
 D = Turns resting spent in this place as a percentage of non-inter-level travel turns spent in this place.
 E = Turns spent auto-exploring this place as a percentage of non-inter-level travel turns spent in this place.
 F = Non-inter-level travel turns spent in this place divided by the number of levels of this place that you've seen.
                   A       B       C       D       E      F
               +-------+-------+-------+-------+-------+----------------------
         Total | 100.0 | 100.0 |   2.9 |  37.3 |  36.1 | 723.7
       Dungeon | 100.0 | 100.0 |   2.9 |  37.3 |  36.1 | 723.7
               +-------+-------+-------+-------+-------+----------------------

Table legend:
 A = Kills in this place as a percentage of kills in entire the game.
 B = Kills by you in this place as a percentage of kills by you in the entire game.
 C = Kills by friends in this place as a percentage of kills by friends in the entire game.
 D = Other kills in this place as a percentage of other kills in the entire game.
 E = Experience gained in this place as a percentage of experience gained in the entire game.
 F = Experience gained in this place divided by the number of levels of this place that you have seen.
                   A       B       C       D       E      F
               +-------+-------+-------+-------+-------+----------------------
         Total | 100.0 | 100.0 |   N/A |   N/A | 100.0 |  41.7
       Dungeon | 100.0 | 100.0 |   N/A |   N/A | 100.0 |  41.7
               +-------+-------+-------+-------+-------+----------------------
